 Dungeon Crawl Stone Soup version 0.17.0 (webtiles) character file.

70411 angusg the Peltast (level 14, -16/126 HPs)
             Began as a Minotaur Fighter on Nov 19, 2015.
             Was the Champion of Okawaru.
             Demolished by a greater naga
             ... wielding a +0 whip
              (20 damage)
             ... on level 4 of the Snake Pit.
             The game lasted 01:58:49 (17952 turns).

angusg the Peltast (Minotaur Fighter)              Turns: 17952, Time: 01:58:49

Health: -16/126    AC: 12    Str: 22    XL:     14   Next: 94%
Magic:  8/15       EV: 31    Int:  5    God:    Okawaru [******]
Gold:   1052       SH:  0    Dex: 13    Spells: 0 memorised, 13 levels left

rFire  . . .     SeeInvis .     (weapon currently unavailable)
rCold  . . .     Clarity  .     (armour currently unavailable)
rNeg   + + +     SustAt   .     (shield currently unavailable)
rPois  +         Gourm    .     (helmet restricted)
rElec  .         Spirit   .     (cloak currently unavailable)
rCorr  .         Warding  .     (gloves currently unavailable)
rMut   .         Stasis   .     (boots currently unavailable)
MR     +....                    (no amulet)
Stlth  +++.......               s - ring of flight
                                q - +5 ring of evasion

@: lethally poisoned (-16 -> -17), about to teleport, fungus-form, very slightly
contaminated, slowed, constricted, very slow, somewhat resistant to hostile
enchantments, fairly stealthy
A: (retaliatory headbutt), (horns 0), rough black scales 1, deterioration 1,
(poison resistance), (shaggy fur 0)
a: Heroism, Finesse, Renounce Religion, Evoke Flight


You were on level 4 of the Snake Pit.
You worshipped Okawaru.
Okawaru was exalted by your worship.
You were not hungry.
You were a sentient fungus.
You visited 5 branches of the dungeon, and saw 24 of its levels.
You also visited: Ice Cave and Volcano.

You collected 1052 gold pieces.

Inventory:

Hand Weapons
 a - the +9 mace of Vecviul {flame, -Tele Str+2 Int+4}
   (You took it off a necromancer in an ice cave)

   It has been specially enchanted to burn those struck by it, causing extra
   injury to most foes and up to half again as much damage against particularly
   susceptible opponents.
   It affects your strength (+2).
   It affects your intelligence (+4).
   It prevents most forms of teleportation.
 b - the +5 morningstar "Giulebist" (melded) {antimagic, *Noise rPois MP+9 SInv}
   (Okawaru gifted it to you on level 4 of the Lair of Beasts)

   It disrupts the flow of magical energy around spellcasters and certain
   magical creatures (including the wielder).
   It protects you from poison.
   It affects your magic capacity (+9).
   It lets you see invisible.
   It may make noises in combat.
 t - a +1 whip of electrocution
Missiles
 i - 8 silver javelins (quivered)
Armour
 c - a +0 large shield of resistance
 n - a +1 pair of boots of stealth (melded)
 y - a +1 shield (melded)
 K - a +2 cloak (melded)
 Q - a +2 pair of gloves of archery (melded)
 U - a +3 ring mail (melded)
Rods
 H - a -1 rod of ignition (11/11)
   (You found it on level 2 of the Lair of Beasts)
Jewellery
 m - an uncursed ring of see invisible
 o - an uncursed amulet of resist corrosion
 q - a +5 ring of evasion (left hypha)
 s - a ring of flight (right hypha)
 u - an uncursed ring of ice
 C - an uncursed amulet of stasis
 P - an uncursed ring of fire
 Y - an uncursed ring of protection from cold
Wands
 g - a wand of heal wounds (0)
 r - a wand of magic darts (18)
 z - a wand of teleportation (3)
 A - a wand of confusion (20)
 E - a wand of lightning (1)
 G - a wand of slowing (15)
 I - a wand of polymorph (8)
 J - a wand of cold (1)
 S - a wand of fire (10)
 T - a wand of fireball (0)
Scrolls
 f - 3 scrolls of magic mapping
 j - 7 scrolls of remove curse
 v - 9 scrolls of teleportation
 x - 3 scrolls of enchant armour
 M - 4 scrolls of fog
Potions
 d - 3 potions of might
 l - 6 potions of agility
 p - 3 potions of flight
 D - a potion of brilliance
 O - 3 potions of haste
 R - a potion of cancellation {unknown}
 V - a potion of resistance
 X - 4 potions of lignification
 Z - 2 potions of magic
Comestibles
 e - 7 bread rations
 h - 5 meat rations
 B - 2 beef jerkies
 F - a slice of pizza
 W - 7 fruits


   Skills:
 + Level 12.2 Fighting
 + Level 13.7 Maces & Flails
 + Level 12.0 Armour
 + Level 13.2 Dodging
 + Level 3.2 Stealth
 + Level 16.8 Shields
 + Level 2.7 Invocations
 + Level 2.5 Evocations


You had 13 spell levels left.
You didn't know any spells.

Dungeon Overview and Level Annotations

Branches:
Dungeon (11/15)            Temple (1/1) D:7            Lair (6/8) D:10
 Shoals (2/4) Lair:4        Snake (4/4) Lair:5          Orc (0/4) D:10
  Slime: Lair:6-8

Altars:
Ashenzari
Cheibriados
Dithmenos
Elyvilon
Fedhas
Gozag
Kikubaaqudgha
Makhleb
Nemelex Xobeh
Okawaru
Qazlal
Ru
Sif Muna
Trog
Vehumet
Xom
Yredelemnul
Zin
The Shining One

Portals:
Trove: D:10 (give +6 demon blade)

Annotations:
D:11 Fannar


Innate Abilities, Weirdness & Mutations

((You reflexively headbutt those who attack you in melee.))
((You have a pair of horns on your head.))
(You are partially covered in rough black scales (AC +4, Dex -1).)
Your body sometimes deteriorates upon taking damage.
((Your system is resistant to poisons.))
((You are covered in fur (AC +1).))


Message History

You feel magic returning to you.
Your aim is not that steady anymore.
You feel less stealthy.
Evoking this partially-identified wand wasted a few charges.
You feel sick.
Your black mamba bites the guardian serpent!
The greater naga gestures at you while chanting.
The poison arrow misses you. The guardian serpent misses you.
Your black mamba bites the guardian serpent!
The greater naga closely misses you. The salamander barely misses you.
The naga warrior closely misses you.
* * * LOW HITPOINT WARNING * * *
The naga warrior constricts you.
The guardian serpent hits you but does no damage.
Your black mamba closely misses the guardian serpent.
The greater naga completely misses you.
You're too terrified to move while being watched!
Your black mamba bites the guardian serpent!
The guardian serpent completely misses you.
The salamander completely misses you. The greater naga hits you with a whip!!
You die...

#.. ###...# S..
#..##.....# ..
#..#......# #..
####..##..####≈.
#..####......#'##.....
##.....................
##............S.#######+
............NS..#
............fN..#
..######.).†.N..#
####†.).## ##)...#
##.(†..## #####...†...#
............#
............#
.......†....#


You could see a naga warrior, a greater naga, a salamander, a guardian serpent
and a friendly black mamba.

Vanquished Creatures
  2 greater nagas
  Azrael (Snake:3)
  A merfolk javelineer (Shoals:2)
  2 merfolk impalers (Shoals:1)
  2 hydras
  5 naga warriors
  5 anacondas
  A satyr (Shoals:2)
  2 death yaks
  A naga sharpshooter (Snake:2)
  A sun demon (Volcano)
  2 shock serpents
  4 sea snakes
  A salamander mystic (Snake:3)
  Pikel (D:7)
  5 harpies
  A necromancer (IceCv)
  A naga ritualist (Snake:4)
  A cyclops (Shoals:2)
  4 fauns (Shoals:1)
  A mana viper (Snake:1)
  4 water nymphs
  2 griffons (Shoals:1)
  4 salamanders
  3 manticores (Shoals:1)
  3 elephants (Lair:2)
  Maurice (D:9)
  2 sirens
  7 guardian serpents
  Joseph (D:8)
  3 ice statues (IceCv)
  13 black mambas
  A centaur skeleton (D:10)
  2 naga magi
  7 spiny frogs
  3 komodo dragons
  4 fire drakes
  The ghost of Senshi the Ruffian, an amateur NaTm (D:4)
  2 red devils (Volcano)
  6 blue devils (IceCv)
  8 merfolk
  Grinder (D:6)
  15 blink frogs
  A snapping turtle (Shoals:1)
  A water elemental (Shoals:1)
  7 fire bats
  Eustachio (D:4)
  A wyvern (D:8)
  Grum (D:9)
  3 basilisks
  9 yaks (Lair:6)
  A hungry ghost (D:8)
  A steam dragon (D:9)
  11 hippogriffs
  2 fire elementals (Snake:3)
  5 wolves
  Menkaure (D:6)
  3 wargs (D:10)
  21 nagas
  7 hell hounds
  3 ice beasts (D:8)
  12 water moccasins
  7 porcupines
  2 black bears
  2 sky beasts
  2 ogres
  A slave (D:7)
  9 crocodiles
  2 orc warriors
  3 phantoms
  7 centaurs
  19 giant frogs
  2 water moccasin skeletons
  A wyvern skeleton (D:10)
  6 scorpions
  10 killer bees
  2 draconian simulacra (IceCv)
  4 lava snakes (Volcano)
  A quasit (D:9)
  3 crimson imps
  3 orc wizards
  5 jellies
  5 orc priests
  4 hounds
  3 giant frog skeletons
  5 iguanas
  2 worker ants
  Terence (D:2)
  2 troll simulacra (IceCv)
  9 sheep
  A centaur simulacrum (IceCv)
  A hound zombie (D:10)
  A hound skeleton (D:9)
  Robin (D:2)
  14 adders
  3 naga simulacra (IceCv)
  A worker ant zombie (D:11)
  50 river rats
  2 ogre simulacra (IceCv)
  5 shadow imps
  12 white imps (Lair:5)
  An ooze (D:5)
  A worm (D:2)
  3 giant geckos
  22 orcs
  3 ball pythons
  4 bats
  9 goblins
  11 hobgoblins
  4 jackals (D:9)
  7 kobolds
  6 quokkas
  6 giant cockroaches
  A giant cockroach zombie (D:5)
  4 giant newts
  9 rats
  A fungus (Lair:6)
  A plant (Shoals:2)
534 creatures vanquished.

Vanquished Creatures (collateral kills)
  A guardian serpent (Snake:4)
  A hippogriff (Lair:4)
2 creatures vanquished.

Vanquished Creatures (others)
  A naga (Snake:3)
  An adder (D:7)
  10 fungi
  11 plants
23 creatures vanquished.

Grand Total: 559 creatures vanquished

Notes
Turn   | Place    | Note
--------------------------------------------------------------
     0 | D:1      | angusg the Minotaur Fighter began the quest for the Orb.
     0 | D:1      | Reached XP level 1. HP: 19/19 MP: 0/0
   268 | D:1      | Reached XP level 2. HP: 27/27 MP: 1/1
   413 | D:1      | Reached skill level 4 in Fighting
   551 | D:2      | Reached XP level 3. HP: 26/33 MP: 2/2
   683 | D:2      | Noticed Robin
   706 | D:2      | Killed Robin
   972 | D:2      | Noticed Terence
   978 | D:2      | Killed Terence
   978 | D:2      | Reached XP level 4. HP: 38/40 MP: 3/3
  1000 | D:2      | Reached skill level 1 in Dodging
  1023 | D:2      | Reached skill level 5 in Shields
  1281 | D:2      | Found a sparkling altar of Nemelex Xobeh.
  1617 | D:3      | Reached XP level 5. HP: 41/46 MP: 4/4
  1707 | D:3      | Noticed a centaur
  1712 | D:3      | Killed a centaur
  1723 | D:3      | Reached skill level 5 in Armour
  1792 | D:3      | Reached XP level 6. HP: 48/52 MP: 5/5
  2121 | D:4      | Noticed Eustachio
  2130 | D:4      | Killed Eustachio
  2130 | D:4      | Reached skill level 6 in Shields
  2272 | D:4      | Reached XP level 7. HP: 55/60 MP: 6/6
  2397 | D:4      | Noticed Senshi's ghost (amateur NaTm)
  2405 | D:4      | Killed Senshi's ghost
  2640 | D:4      | Reached skill level 7 in Shields
  2751 | D:5      | Entered Level 5 of the Dungeon
  2972 | D:5      | Reached XP level 8. HP: 64/67 MP: 7/7
  3255 | D:6      | Reached skill level 5 in Fighting
  3278 | D:6      | Reached skill level 5 in Maces & Flails
  3330 | D:6      | Noticed Menkaure
  3335 | D:6      | Killed Menkaure
  3335 | D:6      | Reached skill level 5 in Dodging
  3335 | D:6      | Reached skill level 1 in Stealth
  3343 | D:6      | Reached skill level 8 in Shields
  3420 | D:6      | Noticed Grinder
  3429 | D:6      | Killed Grinder
  3458 | D:6      | Found a basalt altar of Yredelemnul.
  3597 | D:6      | Reached XP level 9. HP: 73/75 MP: 8/8
  3757 | D:6      | Found a blossoming altar of Fedhas.
  4043 | D:7      | Found a staircase to the Ecumenical Temple.
  4056 | Temple   | Entered the Ecumenical Temple
  4297 | D:7      | Found an opulent altar of Gozag.
  4297 | D:7      | Found a glowing silver altar of Zin.
  4374 | D:7      | Noticed Pikel
  4405 | D:7      | Killed Pikel
  4405 | D:7      | Reached skill level 9 in Shields
  4772 | D:8      | Found an iron altar of Okawaru.
  4781 | D:8      | Became a worshipper of Warmaster Okawaru
  4863 | D:8      | Found a sacrificial altar of Ru.
  5115 | D:8      | Reached * piety under Okawaru
  5115 | D:8      | Reached skill level 10 in Shields
  5116 | D:8      | Noticed Joseph
  5137 | D:8      | Killed Joseph
  5137 | D:8      | Reached XP level 10. HP: 77/84 MP: 9/9
  5404 | D:9      | Noticed Grum
  5414 | D:9      | Killed Grum
  5417 | D:9      | Reached ** piety under Okawaru
  5650 | D:9      | Noticed Maurice
  5676 | D:9      | Killed Maurice
  5851 | D:10     | Entered Level 10 of the Dungeon
  6135 | D:10     | Reached skill level 11 in Shields
  6179 | D:10     | Found a staircase to the Orcish Mines.
  6226 | D:10     | Reached *** piety under Okawaru
  6600 | D:11     | Noticed Fannar
  6610 | D:10     | Found a portal to a secret trove of treasure.
  6638 | D:10     | Reached XP level 11. HP: 82/92 MP: 10/10
  6969 | D:10     | Found a staircase to the Lair.
  6985 | D:10     | Reached **** piety under Okawaru
  7067 | D:11     | Noticed a hill giant
  7148 | Lair:1   | Entered Level 1 of the Lair of Beasts
  7304 | Lair:1   | Reached skill level 12 in Shields
  8280 | Lair:2   | Reached ***** piety under Okawaru
  8363 | Lair:2   | Received a gift from Okawaru
  8469 | Lair:2   | Identified a -1 rod of ignition (11/11) (You found it on level 2 of the Lair of Beasts)
  8574 | Lair:2   | Reached skill level 10 in Dodging
  9198 | Lair:3   | Reached skill level 10 in Armour
  9502 | Lair:3   | Noticed a six-headed hydra
  9515 | Lair:3   | Killed a six-headed hydra
  9830 | Lair:3   | Reached skill level 13 in Shields
  9830 | Lair:3   | Reached skill level 1 in Evocations
  9936 | Lair:4   | Reached XP level 12. HP: 97/104 MP: 11/11
  9952 | Lair:4   | Found a staircase to the Shoals.
 10068 | Lair:4   | Received a gift from Okawaru
 10083 | Lair:4   | Got a crude morningstar {god gift}
 10084 | Lair:4   | Identified the +5 morningstar "Giulebist" {antimagic, *Noise rPois MP+9 SInv} (Okawaru gifted it to you on level 4 of the Lair of Beasts)
 10335 | Lair:4   | Found a dark tunnel.
 10345 | Volcano  | Entered a volcano
 10690 | Volcano  | Gained mutation: You are partially covered in rough black scales (AC +4, Dex -1). [potion of mutation]
 10690 | Volcano  | Gained mutation: Your system is resistant to poisons. [potion of mutation]
 10690 | Volcano  | Gained mutation: You are covered in fur (AC +1). [potion of mutation]
 10701 | Volcano  | Found a burning altar of Makhleb.
 10723 | Volcano  | Found a burning altar of Makhleb.
 10859 | Lair:4   | Reached skill level 10 in Maces & Flails
 11069 | Lair:5   | Found a staircase to the Snake Pit.
 11119 | Lair:5   | Found a frozen archway.
 11160 | IceCv    | Entered an ice cave
 11522 | IceCv    | Reached skill level 14 in Shields
 11763 | IceCv    | Received a gift from Okawaru
 11785 | IceCv    | Got an encrusted mace {flame}
 11786 | IceCv    | Identified the +9 mace of Vecviul {flame, -Tele Str+2 Int+4} (You took it off a necromancer in an ice cave)
 12230 | Lair:5   | Reached skill level 10 in Fighting
 12755 | Lair:6   | Reached XP level 13. HP: 92/113 MP: 7/13
 13197 | Lair:6   | Noticed a six-headed hydra
 13217 | Lair:6   | Killed a six-headed hydra
 13558 | Shoals:1 | Entered Level 1 of the Shoals
 13577 | Shoals:1 | Received a gift from Okawaru
 13604 | Shoals:1 | Found a shimmering altar of Xom.
 13614 | Shoals:1 | Reached ****** piety under Okawaru
 13867 | Shoals:1 | Reached skill level 15 in Shields
 13911 | Shoals:1 | Found a white marble altar of Elyvilon.
 14133 | Shoals:1 | Received a gift from Okawaru
 14967 | Shoals:2 | Reached XP level 14. HP: 57/124 MP: 14/14
 15020 | Shoals:2 | Received a gift from Okawaru
 15403 | Snake:1  | Entered Level 1 of the Snake Pit
 15569 | Snake:1  | Reached skill level 1 in Invocations
 15812 | Snake:1  | Found a deep blue altar of Sif Muna.
 16034 | Snake:2  | Noticed a greater naga
 16051 | Snake:2  | Killed a greater naga
 16103 | Snake:1  | Gained mutation: Your body sometimes deteriorates upon taking damage. [mutagenic glow]
 16377 | Snake:2  | Found a basalt altar of Yredelemnul.
 16387 | Snake:2  | Reached skill level 16 in Shields
 16454 | Snake:2  | Received a gift from Okawaru
 17395 | Snake:3  | Identified a scroll of acquirement
 17417 | Snake:3  | Received a gift from Okawaru
 17524 | Snake:3  | Noticed Azrael
 17563 | Snake:3  | Killed Azrael
 17813 | Snake:4  | Entered Level 4 of the Snake Pit
 17813 | Snake:4  | Noticed a greater naga
 17831 | Snake:4  | Noticed a greater naga
 17833 | Snake:4  | Killed a greater naga
 17846 | Snake:4  | Noticed a greater naga
 17930 | Snake:4  | Noticed a greater naga
 17951 | Snake:4  | HP: 6/126 [poisoned by a guardian serpent (bolt of poison)]
 17952 | Snake:4  | Demolished by a greater naga

Action                   |  1- 3 |  4- 6 |  7- 9 | 10-12 | 13-15 || total
-------------------------+-------+-------+-------+-------+-------++-------
Melee: Flail             |    23 |       |       |       |       ||    23
       Whip              |    66 |   141 |   341 |   876 |       ||  1424
       Morningstar       |       |       |       |   333 |   538 ||   871
       Mace              |       |       |       |    17 |   230 ||   247
Invok: Heroism           |       |       |       |     1 |    10 ||    11
       Finesse           |       |       |       |       |     3 ||     3
Evoke: Wand              |       |       |     2 |    15 |    17 ||    34
       Rod               |       |       |       |     2 |     6 ||     8
  Use: Scroll            |       |       |     2 |    30 |    12 ||    44
       Potion            |       |       |     2 |     5 |     9 ||    16
 Stab: Invisible         |       |       |       |     1 |       ||     1
       Sleeping          |       |       |       |     1 |       ||     1
  Eat: Chunk             |       |     3 |     2 |       |     2 ||     7
       Bread ration      |       |     1 |     2 |     1 |     2 ||     6
       Meat ration       |       |       |     1 |     3 |     1 ||     5
       Fruit             |       |       |       |     9 |       ||     9
       Pizza             |       |       |       |       |     2 ||     2
       Beef jerky        |       |       |       |       |     1 ||     1
